 Dungeon Crawl Stone Soup version 0.20-a0-277-g7db01f4 (webtiles) character file.

1143 Da5id the Basher (level 8, -1/52 HPs)
             Began as a Gargoyle Fighter on Dec 13, 2016.
             Was an Initiate of Okawaru.
             Slain by an ogre
             ... wielding a +0 giant club
              (14 damage)
             ... on level 4 of the Dungeon.
             The game lasted 00:05:03 (4911 turns).

Da5id the Basher (Gargoyle Fighter)                 Turns: 4911, Time: 00:05:03

Health: -1/52      AC: 13    Str: 21    XL:     8   Next: 37%
Magic:  8/8        EV:  7    Int: 10    God:    Okawaru [......]
Gold:   188        SH:  9    Dex:  9    Spells: 7/7 levels left

rFire  . . .     SeeInvis .     u - +2 flail (holy)
rCold  . . .     Gourm    .     b - +0 scale mail
rNeg   + . .     Faith    .     c - +0 shield
rPois  ∞         Spirit   .     (no helmet)
rElec  +         Reflect  .     (no cloak)
rCorr  .         Harm     .     m - +0 pair of gloves
MR     .....                    (no boots)
Stlth  ..........               (no amulet)
                                (no ring)
                                (no ring)

@: no status effects
A: blurry vision 1, negative energy resistance 1, robust 1, electricity
resistance, wild magic 1, unbreathing, petrification resistance, rot immunity,
AC +5
a: Renounce Religion


You were on level 4 of the Dungeon.
You worshipped Okawaru.
Okawaru was noncommittal.
You were not hungry.

You visited 2 branches of the dungeon, and saw 6 of its levels.

You collected 188 gold pieces.

Inventory:

Hand Weapons
 a - a +0 flail
 u - a +2 flail of holy wrath (weapon)
Armour
 b - a +0 scale mail (worn)
 c - a +0 shield (worn)
 m - a +0 pair of gloves (worn)
Wands
 w - a wand of polymorph (9/24)
Scrolls
 h - a scroll of remove curse
 i - a scroll of random uselessness {unknown}
 l - a scroll of amnesia {unknown}
 n - 4 scrolls of identify {unknown}
 o - 2 scrolls of noise {unknown}
 s - 2 scrolls of recharging {unknown}
 B - a scroll of fear {unknown}
Potions
 d - a potion of heal wounds {unknown}
 g - 6 potions of curing {unknown}
 j - a potion of mutation
 k - a potion of agility {unknown}
 r - a potion of lignification {unknown}
 v - 4 potions of magic {unknown}
 x - a potion of ambrosia {unknown}
 z - a potion of brilliance {unknown}
 A - a potion of haste {unknown}
Comestibles
 f - 2 bread rations
 p - 2 slices of pizza
 t - a fruit


   Skills:
 + Level 4.0 Fighting
 - Level 8.9 Maces & Flails
 + Level 4.0 Armour
 + Level 0.8 Dodging
 + Level 4.1 Shields
 + Level 1.3 Invocations


You had 7 spell levels left.
You didn't know any spells.

Dungeon Overview and Level Annotations

Branches:
Dungeon (5/15)             Temple (1/1) D:4

Altars:
Elyvilon
Hepliaklqana
Okawaru
Yredelemnul

Annotations:
D:5 Prince Ribbit


Innate Abilities, Weirdness & Mutations

You are resistant to torment.
Your stone body is resilient. (AC +5)
You are immune to poison.
You resist negative energy. (rN+)
You are resistant to electric shocks. (rElec)
You can survive without breathing.
You are immune to petrification.
You are immune to rotting.
Scrolls take you a little longer to read.
You are robust. (+10% HP)
Your spells are a little harder to cast, but a little more powerful.


Message History

You miss Prince Ribbit.
Prince Ribbit hits you but does no damage.
You block the ogre's attack. Prince Ribbit hits you.
It was a potion of mutation.
You feel extremely strange.
Your vision blurs.
You feel less in control of your magic.
You feel robust.
Prince Ribbit blinks!
The ogre hits you with a giant club!
* * * LOW HITPOINT WARNING * * *
Prince Ribbit lets out a mournful croak.
Prince Ribbit blinks!
There is a stone staircase leading up here.
The ogre hits you but does no damage.
You climb upwards.
There is a stone staircase leading down here.
You sock the ogre!
The ogre is almost dead.
You block the ogre's attack.
You barely miss the ogre.
The ogre is almost dead.
The ogre hits you with a giant club!
You die...

#.....#
#.###..............
#.....# #.#
#######.......#
#.....#
#.###.........#####
#.....#
#...'.........#
#.[...#
#.###.........#
#.....# #.#
#.........# #.....#
#.# ###.#####.#
#.....#
#.#####.......#####
#.....#
#@.................
#.....#
#O...).............
###...#
#.###..............
#...# #.#
#........###''#
#...# #.#
#........#..§..
#...# #.#
#........#.≈§≈≈
#####..)###.#
#........'.≈§#.
#...........#
#........'..#.§
#####'#.##'######
#........#.≈≈.≈


You could see an ogre.

Vanquished Creatures
  Eustachio (D:4)
  The ghost of VonBacon the Covert, an amateur OpAs (D:3)
  Duvessa (D:4)
  A phantom (D:4)
  Blork the orc (D:4)
  Dowan (D:4)
  A scorpion (D:3)
  A howler monkey (D:4)
  2 bullfrog skeletons (D:4)
  An orc priest (D:3)
  A hound (D:4)
  2 iguanas (D:4)
  2 worker ants (D:4)
  Natasha (twice) (D:4)
  An orc wizard (D:3)
  8 gnolls
  5 adders
  An adder skeleton (D:4)
  2 worms (D:3)
  2 dart slugs
  3 leopard geckos
  4 orcs (D:3)
  5 giant cockroaches
  9 goblins
  5 hobgoblins (D:3)
  3 jackals (D:4)
  2 quokkas
  A ball python (D:4)
  3 bats
  2 frilled lizards
  5 kobolds
  3 rats
82 creatures vanquished.

Notes
Turn   | Place    | Note
-------+----------+-------------------------------------------
     0 | D:1      | Da5id the Gargoyle Fighter began the quest for the Orb.
     0 | D:1      | Reached XP level 1. HP: 14/14 MP: 1/1
   137 | D:1      | Reached XP level 2. HP: 19/19 MP: 2/2
   632 | D:2      | Reached XP level 3. HP: 23/23 MP: 3/3
  1301 | D:3      | Reached skill level 3 in Maces & Flails
  1306 | D:3      | Reached XP level 4. HP: 29/29 MP: 4/4
  1410 | D:3      | Noticed VonBacon's ghost (amateur OpAs)
  1449 | D:3      | Killed VonBacon's ghost
  1449 | D:3      | Reached skill level 5 in Maces & Flails
  1449 | D:3      | Reached XP level 5. HP: 17/33 MP: 5/5
  1818 | D:3      | Reached XP level 6. HP: 33/38 MP: 6/6
  2435 | D:3      | Reached skill level 6 in Maces & Flails
  2790 | D:4      | Noticed Blork the orc
  2791 | D:4      | Noticed Dowan
  2794 | D:4      | Noticed Duvessa
  2797 | D:4      | Killed Blork the orc
  2811 | D:4      | Reached XP level 7. HP: 22/42 MP: 7/7
  2828 | D:4      | Killed Duvessa
  2828 | D:4      | Reached skill level 7 in Maces & Flails
  2846 | D:4      | Killed Dowan
  3135 | D:4      | Noticed Natasha
  3152 | D:4      | Killed Natasha
  3820 | D:4      | Noticed Eustachio
  3844 | D:4      | Killed Eustachio
  3844 | D:4      | Reached skill level 8 in Maces & Flails
  3907 | D:4      | Reached XP level 8. HP: 34/48 MP: 8/8
  4231 | D:4      | Got an aquamarine-encrusted leather armour
  4252 | D:4      | Found a staircase to the Ecumenical Temple.
  4265 | Temple   | Entered the Ecumenical Temple
  4286 | Temple   | Became a worshipper of Warmaster Okawaru
  4371 | D:4      | Noticed Natasha
  4377 | D:4      | Killed Natasha
  4581 | D:4      | Reached skill level 1 in Invocations
  4836 | D:4      | Identified the cursed +0 leather armour of Objectivity {+Fly rElec} (You found it on level 4 of the Dungeon)
  4873 | D:5      | Entered Level 5 of the Dungeon
  4882 | D:5      | Noticed Prince Ribbit
  4896 | D:5      | Gained mutation: Scrolls take you a little longer to read. [potion of mutation]
  4896 | D:5      | Gained mutation: Your spells are a little harder to cast, but a little more powerful. [potion of mutation]
  4896 | D:5      | Gained mutation: You are robust. (+10% HP) [potion of mutation]
  4911 | D:4      | Slain by an ogre

Vault maps used:
D:1:      minmay_arrival_three_doors
D:2:      minmay_crystal_room
D:4:      kennysheep_generic_room_12, uniq_blork_the_orc, uniq_eustachio,
          uniq_natasha, uniq_duvessa
D:5:      old_standard_altar, overflow_temple_1_default, first_bread,
          uniq_sigmund, uniq_menkaure, uniq_prince_ribbit1
Temple:   jpeg_temple_clearing

Skill      XL: |  1  2  3  4  5  6  7  8 |
---------------+-------------------------+-----
Maces & Flails | 3 5 6 8 |  8.9
Fighting       | 4 |  4.0
Armour         | 4 |  4.0
Shields        | 4 |  4.1
Invocations    | 1 |  1.3
Dodging        | |  0.8

Action                   |  1- 3 |  4- 6 |  7- 9 || total
-------------------------+-------+-------+-------++-------
Melee: Flail             |   130 |   161 |   167 ||   458
  Use: Potion            |       |     1 |     1 ||     2
       Scroll            |       |       |     2 ||     2
  Eat: Chunk             |     1 |     3 |     7 ||    11
       Fruit             |       |     1 |       ||     1
       Meat ration       |       |       |     1 ||     1
Armor: Scale mail        |    59 |    89 |    97 ||   245
Dodge: Dodged            |    60 |    50 |    40 ||   150
Block: Shield            |    65 |    87 |    83 ||   235
